cohdb
Replays
Latest Replays
All Replays
Popular Replays
Top Player Replays
Match Explorer
How It Works
Community
CoH3 Stats
Reddit
Sign in to upload your games and track your stats! →
Sign in with Steam
Match 28805408
Unlisted
Match 28805408
Overview
Messages
Build Orders
End
Construct Section Command Post
Selects Air and Sea Battlegroup
Infantry Section
Vickers Machine Gun Team
Infantry Section
Infantry Section
Infantry Section
Selects Supply Surplus
Construct Field Infirmary
Construct Platoon Command Post
Selects Commando Section Paradrop
Friendly Mouse(Poxie)
gameing
hhh3350
Gengeol
AlethAshJeremyF.
조영
Starshiptroopr
MagiQ
0
0
Comments
sign in to comment!
No comments posted yet!